 Dungeon Crawl Stone Soup version 0.22.1-2-g9c5b331383 (webtiles) character file.

52 Gargoyl the Skirmisher (level 3, 0/31 HPs)
             Began as a Centaur Abyssal Knight on Jan 6, 2019.
             Was a Follower of Lugonu.
             Succumbed to an adder's poison
             ... on level 2 of the Dungeon.
             The game lasted 00:01:53 (1238 turns).

Gargoyl the Skirmisher (Centaur Abyssal Knight)     Turns: 1238, Time: 00:01:54

Health: 0/31       AC:  8    Str: 14    XL:     3   Next: 60%
Magic:  4/4        EV:  2    Int: 11    God:    Lugonu [*.....]
Gold:   101        SH:  0    Dex:  9    Spells: 2/2 levels left

rFire    . . .     SeeInvis .   a - +1 hand axe
rCold    . . .     Gourm    .   (no shield)
rNeg     . . .     Faith    .   d - +0 plate armour
rPois    .         Spirit   .   (no helmet)
rElec    .         Reflect  .   (no cloak)
rCorr    .         Harm     .   (no gloves)
MR       .....                  (no barding)
Stlth    ..........             (no amulet)
HPRegen  0.10/turn              (no ring)
MPRegen  0.09/turn              (no ring)

@: lethally poisoned (0 -> -4), flying, very slightly contaminated, invisible,
very quick
A: large, hooves 3, deformed body, speed 2, tough skin 3
a: Depart the Abyss, Renounce Religion


You were on level 2 of the Dungeon.
You worshipped Lugonu.
Lugonu was aware of your devotion.
You were not hungry.

You visited 1 branch of the dungeon, and saw 2 of its levels.
You visited the Abyss 1 time.

You collected 101 gold pieces.

Inventory:

Hand Weapons
 a - a +1 hand axe (weapon)
Armour
 b - a +0 leather armour
 d - a +0 plate armour (worn)
Scrolls
 e - a scroll of enchant armour {unknown}
 g - a scroll of magic mapping {unknown}
 h - 2 scrolls of identify {unknown}
 i - a scroll of teleportation {unknown}
 k - a scroll of noise {unknown}
 l - a scroll of blinking {unknown}
Comestibles
 c - 5 rations


   Skills:
 + Level 3.4 Fighting
 + Level 2.1 Axes
 * Level 2.1 Armour
 * Level 1.1 Dodging
 * Level 2.2 Invocations


You had 2 spell levels left.
You didn't know any spells.
Your spell library was empty.

Dungeon Overview and Level Annotations

Branches:
Dungeon (2/15)

Altars:
Elyvilon
Gozag
Hepliaklqana


Innate Abilities, Weirdness & Mutations

You have hooves in place of feet.
Armour fits poorly on your strangely shaped body.
You cover ground very quickly.
You have extremely tough skin. (AC +3)


Message History

* * * LOW HITPOINT WARNING * * *
The adder bites you but does no damage.
It was a potion of invisibility.
You fade into invisibility!
* * * LOW HITPOINT WARNING * * *
You feel sick. The adder bites you but does no damage.
You are very lightly contaminated with residual magic.
You slash the adder!
You kill the adder!
Lugonu accepts your kill.
* * * LOW HITPOINT WARNING * * *
You feel sick.
Unknown command.
* * * LOW HITPOINT WARNING * * *
You feel sick.
* * * LOW HITPOINT WARNING * * *
You feel sick.
Unknown command.
Unknown command.
You die...

#. #. ##. #..###
####.....
+.......#
#....###.#
#...@....#
####.##### #.# #+#
#.# #.# #.#
##.##### #.#
###......# #.#
......##.# #.#
##.....#.#######.#


There were no monsters in sight!

Vanquished Creatures
  2 adders (D:2)
  2 worms (D:2)
  A leopard gecko (D:1)
  2 goblins (D:1)
  2 hobgoblins (D:1)
  2 jackals (D:1)
  5 kobolds (D:1)
  A ball python (D:1)
  3 bats (D:1)
  2 frilled lizards (D:1)
  8 rats
30 creatures vanquished.

Notes
Turn   | Place    | Note
-------+----------+-------------------------------------------
     0 | Abyss:1  | Gargoyl the Centaur Abyssal Knight began the quest for the
                  | Orb.
     0 | Abyss:1  | Reached XP level 1. HP: 19/19 MP: 2/2
    86 | Abyss:2  | Noticed a small abomination
    93 | Abyss:2  | Noticed a blink frog
    96 | Abyss:2  | Noticed a neqoxec
    97 | D:1      | Escaped the Abyss
   409 | D:1      | Reached XP level 2. HP: 24/26 MP: 3/3
   643 | D:1      | Reached * piety under Lugonu
   645 | D:1      | Reached skill level 1 in Dodging
  1059 | D:2      | Reached XP level 3. HP: 29/31 MP: 4/4
  1116 | D:2      | Found an opulent altar of Gozag.
  1145 | D:2      | Found a white marble altar of Elyvilon.
  1186 | D:2      | Found a hazy altar of Hepliaklqana.
  1235 | D:2      | HP: 1/31 [poisoned by an adder]
  1238 | D:2      | Succumbed to an adder's poison

Skill      XL: |  1  2  3 |
---------------+----------+-----
Dodging        | 1 |  1.1
Axes           | 2 |  2.1
Armour         | 2 |  2.1
Fighting       | |  3.4
Invocations    | |  2.2

Action                   || total
-------------------------++-------
Melee: Hand axe          ||    87
       Kick              ||    14
Invok: Depart the Abyss  ||     1
  Use: Potion            ||     2
Armor: Plate armour      ||    73
Dodge: Dodged            ||     9
